 Dungeon Crawl Stone Soup version 0.29-a0-330-g52719c12eb (webtiles) character file.

Game seed: 1752681803844816169

555 rageheart7 the Skirmisher (level 7, -3/47 HPs)
             Began as a Gargoyle Chaos Knight on Apr 13, 2022.
             Was a Plaything of Xom.
             Slain by an ice beast (7 damage)
             ... on level 5 of the Dungeon.
             The game lasted 00:05:47 (4205 turns).

rageheart7 the Skirmisher (Gargoyle Chaos Knight)   Turns: 4205, Time: 00:05:48

Health: -3/47      AC: 16    Str: 20    XL:     7   Next: 30%
Magic:  7/7        EV:  9    Int: 19    God:    Xom [.....*]
Gold:   195        SH:  0    Dex: 13    Spells: 6/6 levels left

rFire   + + .      SeeInvis .   a - +1 mace (chaos)
rCold   x . .      Faith    .   (no shield)
rNeg    + . .      Spirit   .   j - +0 fire dragon scales
rPois   ∞          Reflect  .   e - +0 helmet
rElec   +          Harm     .   (no cloak)
rCorr   .          Rampage  .   (no gloves)
Will    .....                   m - +0 pair of boots
Stlth   ..........              (no amulet)
HPRegen 0.15/turn               h - ring of wizardry
MPRegen 0.10/turn               q - ring of Tomorrow {rPois Int+7 Dex+4}

@: no status effects
A: sickness immunity, AC +4, negative energy resistance 1, electricity
resistance, torment resistance 1, petrification resistance, shaggy fur 1, strong
1
a: Renounce Religion


You were on level 5 of the Dungeon.
You worshipped Xom.
You were Xom's teddy bear.
You visited 1 branch of the dungeon, and saw 5 of its levels.

You collected 195 gold pieces.

Inventory:

Hand Weapons
 a - a +1 mace of chaos (weapon)
Missiles
 k - 4 silver javelins
 l - 3 atropa-tipped darts
Armour
 b - a +2 leather armour
 e - a +0 helmet (worn)
 j - +0 fire dragon scales (worn)
 m - a +0 pair of boots (worn)
Jewellery
 h - a ring of wizardry (left hand)
 q - the ring of Tomorrow (right hand) {rPois Int+7 Dex+4}
   (You found it on level 4 of the Dungeon)

   [ring of poison resistance]

   Int:       It affects your intelligence (+7).
   Dex:       It affects your dexterity (+4).
   rPois:     It protects you from poison.
Scrolls
 d - 2 scrolls of blinking
 f - 7 scrolls of identify
 g - a scroll of amnesia
 n - a scroll of enchant weapon
 p - a scroll of fog
Potions
 i - 8 potions of curing
 o - a potion of heal wounds
Miscellaneous
 c - a piece from Xom's chessboard (9/15) (quivered)


   Skills:
 * Level 6.7 Fighting
 * Level 6.1 Maces & Flails
 - Level 2.1 Armour
 - Level 0.7 Dodging


You had 6 spell levels left.
You didn't know any spells.
Your spell library contained the following spells:

 Spells                   Type           Power      Damage    Failure   Level
 Confusing Touch          Hex            0%         N/A       63%         3
 Yara's Violent Unravell  Hex/Tmut       0%         3d3       100%        5
 Enfeeble                 Hex            0%         N/A       100%        7


Dungeon Overview and Level Annotations

Branches:
Dungeon (5/15)
 Temple: D:4-7

Altars:
Nemelex Xobeh

Shops:
D:4 [


Innate Abilities, Weirdness & Mutations

You are immune to sickness and miasma.
Your stone body is resilient. (AC +4)
You are immune to poison.
You resist negative energy. (rN+)
You are resistant to electric shocks. (rElec)
You are resistant to unholy torment.
You are immune to petrification.
You are covered in fur. (AC +1)
Your muscles are strong. (Str +2)


Message History

The howler monkey hits you but does no damage.
You closely miss the howler monkey.
The howler monkey is moderately wounded.
The howler monkey hits you but does no damage.
The ice beast hits you. The ice beast freezes you!!
You feel a terrible chill!
* * * LOW HITPOINT WARNING * * *
You are too injured to fight recklessly!
You are too injured to fight recklessly!
You are too injured to fight recklessly!
You are too injured to fight recklessly!
You are too injured to fight recklessly!
You are too injured to fight recklessly!
You are too injured to fight recklessly!
You are too injured to fight recklessly!
You are too injured to fight recklessly!
You are too injured to fight recklessly!
You are too injured to fight recklessly!
You are too injured to fight recklessly!
You are too injured to fight recklessly!
You are too injured to fight recklessly!
The howler monkey hoots and howls with incredible vigour!
There is a stone staircase leading up here.
You make a move on Xom's chessboard...
The ice beast resists with some effort.
The ice beast closely misses you.
The howler monkey hoots and howls with incredible vigour!
You hear a shout!
The ice beast attacks as you move away!
The ice beast hits you but does no damage.
You make a move on Xom's chessboard...
The howler monkey twists and deforms.
The ice beast hits you but does no damage.
You make a move on Xom's chessboard...
The ice beast is outlined in light.
The ice beast hits you but does no damage.
You hit the ice beast but do no damage. The ice beast barely misses you.
You hit the ice beast.
The ice beast is lightly wounded.
The ice beast hits you.
* * * LOW HITPOINT WARNING * * *
The ice beast freezes you!
You feel a terrible chill!
You die...
Xom thinks this is hilarious!

..... .#.#
##.#.#....
....#..#
#.#....#.#
#.#......#
#......#
#h####.#
#Y# #@#
#........
##.......
.###.## .#
# $# .# .#


You could see an ice beast (corona) and a howler monkey (misshapen).

Vanquished Creatures
  The ghost of yahweh the Skirmisher, an amateur MiBe of Trog (D:4)
  2 scorpions (D:4)
  A jelly (D:4)
  A gnoll shaman (D:4)
  2 orc priests (D:3)
  Robin (D:2)
  3 gnolls (D:4)
  3 adders
  3 dart slugs
  4 orcs (D:3)
  2 bats
  5 endoplasms
  4 giant cockroaches
  16 goblins
  8 hobgoblins
  5 quokkas
  9 ball pythons
  A frilled lizard (D:1)
  9 kobolds
  9 rats
89 creatures vanquished.

Notes
Turn   | Place    | Note
-------+----------+-------------------------------------------
     0 | D:1      | rageheart7 the Gargoyle Chaos Knight began the quest for
                  | the Orb.
     0 | D:1      | Reached XP level 1. HP: 14/14 MP: 1/1
    33 | D:1      | XOM: divination: magic mapping
   330 | D:1      | Reached XP level 2. HP: 19/19 MP: 2/2
   581 | D:1      | XOM: silly message
   727 | D:1      | Found a faded altar of an unknown god.
   896 | D:1      | Reached XP level 3. HP: 24/24 MP: 3/3
  1357 | D:2      | Noticed Robin
  1374 | D:2      | Killed Robin
  1377 | D:2      | XOM: divination: detect items
  1414 | D:2      | Reached XP level 4. HP: 27/30 MP: 4/4
  1571 | D:2      | Found a sparkling altar of Nemelex Xobeh.
  1641 | D:2      | XOM: cloud trail
  1696 | D:2      | XOM: silly message
  1957 | D:2      | XOM: god gift: 3 atropa-tipped darts
  2175 | D:2      | XOM: give mutations
  2175 | D:2      | Gained mutation: You are covered in fur. (AC +1) [Xom's
                  | grace]
  2175 | D:2      | Gained mutation: Your muscles are strong. (Str +2) [Xom's
                  | grace]
  2201 | D:3      | XOM: god gift: 16 stones
  2712 | D:3      | XOM: enchant monster (good)
  2713 | D:3      | Reached XP level 5. HP: 24/34 MP: 5/5
  2716 | D:3      | Reached skill level 5 in Fighting
  3374 | D:4      | XOM: confuse monster(s)
  3380 | D:4      | XOM: cast spell 'Metabolic Englaciation'
  3397 | D:4      | Reached skill level 5 in Maces & Flails
  3397 | D:4      | Reached XP level 6. HP: 40/40 MP: 6/6
  3436 | D:4      | Found a runed translucent gate.
  3436 | D:4      | Found a runed translucent gate.
  3436 | D:4      | XOM: 4-stop teleportation journey
  3503 | D:4      | Found a runed translucent gate.
  3504 | D:4      | Noticed yahweh's ghost (amateur MiBe)
  3511 | D:4      | XOM: fake destruction
  3516 | D:4      | XOM: confuse monster(s)
  3534 | D:4      | Identified the ring of Tomorrow {rPois Int+7 Dex+4}
  3577 | D:4      | Found Mafusalo's Armour Emporium.
  3845 | D:4      | XOM: divination: detect creatures
  3913 | D:4      | Killed yahweh's ghost
  3914 | D:4      | Reached XP level 7. HP: 7/47 MP: 7/7
  4192 | D:5      | Entered Level 5 of the Dungeon
  4205 | D:5      | Slain by an ice beast

Illustrated notes

Levels and vault maps discovered:
D:1:      lightli_arrival_noodles, layout_loops_corners,
          hellmonk_ecumenical_altar_zigzags, minivault_14,
          minmay_misc_feat_secret_circle, chequers_serial_rivers_room_b
D:2:      wad_pebble_path, layout_loops_ring, basic_altar, uniq_robin
D:3:      layout_loops_corners
D:4:      layout_rooms, ebering_ghost_rock_garden, nicolae_stop_n_shop_2
D:5:      layout_basic, minmay_misc_feat_chi, uniq_edmund, uniq_menkaure

Skill      XL: |  1  2  3  4  5  6 |
---------------+-------------------+-----
Fighting       | 4 5 6 |  6.7
Maces & Flails | 4 5 6 |  6.1
Armour         | |  2.1
Dodging        | |  0.7

Action                   |  1- 3 |  4- 6 |  7- 9 || total
-------------------------+-------+-------+-------++-------
Melee: Mace              |   104 |   149 |     5 ||   258
       Punch             |       |     1 |       ||     1
Evoke: Piece from Xom's  |       |     9 |     3 ||    12
  Use: Scroll            |     2 |     6 |       ||     8
       Potion            |     1 |     5 |       ||     6
 Stab: Invisible         |       |     1 |       ||     1
       Paralysed         |       |     2 |       ||     2
       Confused          |       |     1 |       ||     1
       Sleeping          |       |     1 |       ||     1
Armor: Leather armour    |    44 |    10 |       ||    54
       Fire dragon scale |       |    80 |     5 ||    85
Dodge: Dodged            |    58 |    73 |     3 ||   134

Table legend: (Time is in decaauts)
 A = Elapsed time spent in this place.
 B = Non-inter-level travel time spent in this place.
 C = Inter-level travel time spent in this place.
 D = Time resting spent in this place.
 E = Time spent auto-exploring this place.
 F = Levels seen in this place.
 G = Mean time per level.
                   A        B        C        D        E       F      G
               +--------+--------+--------+--------+--------+-----+--------+
         Total |   4240 |   4096 |    144 |      0 |   3410 |   5 |  848.0 |
       Dungeon |   4240 |   4096 |    144 |      0 |   3410 |   5 |  848.0 |
               +--------+--------+--------+--------+--------+-----+--------+

Top non-repeatable levels by time:
     D:1: 1379 daAuts
     D:3: 1148 daAuts
     D:4: 874 daAuts
     D:2: 825 daAuts
     D:5: 13 daAuts
